 Dungeon Crawl Stone Soup version 0.29.0-4-gdea44cf6ec (webtiles) character file.

Game seed: 17583044921921328851

9553 qw the Brawler (level 11, -6/105 HPs)
             Began as a Troll Cinder Acolyte on Sept 1, 2022.
             Was a Follower of Ignis.
             Mangled by Snorg (16 damage)
             ... on level 11 of the Dungeon.
             The game lasted 00:04:57 (8690 turns).

qw the Brawler (Troll Cinder Acolyte)               Turns: 8690, Time: 00:04:57

Health: -6/105     AC: 13    Str: 28    XL:     11   Next: 24%
Magic:  0/11       EV: 13    Int: 10    God:    Ignis [*.....]
Gold:   647        SH:  0    Dex:  5    Spells: 12/12 levels left

rFire   + . .      SeeInvis .     - Unarmed
rCold   + . .      Faith    .   (no shield)
rNeg    . . .      Spirit   +   i - +2 robe of Impermeability {rC+}
rPois   .          Reflect  .   (helmet restricted)
rElec   .          Harm     .   (no cloak)
rCorr   +          Rampage  .   (gloves unavailable)
Will    .....                   (boots unavailable)
Stlth   +.........              j - amulet of guardian spirit
HPRegen 1.07/turn               k - +4 ring of evasion
MPRegen 0.12/turn               p - ring of resist corrosion

@: about to teleport, fiery-armoured
A: large, unfitting armour, claws 3, regeneration 1, shaggy fur 1, tough skin 1
a: Renounce Religion, Fiery Armour, Foxfire Swarm, Rising Flame


You were on level 11 of the Dungeon.
You worshipped Ignis.
Ignis was aware of your devotion.
You visited 1 branch of the dungeon, and saw 11 of its levels.

You collected 757 gold pieces.
You spent 110 gold pieces at shops.


Innate Abilities, Weirdness & Mutations

You are too large for most types of armour.
You have claws for hands.
Your natural rate of healing is unusually fast.
You are covered in fur. (AC +1)
You have tough skin. (AC +1)


   Skills:
 + Level 6.0 Fighting
 - Level 2.0 Throwing
 - Level 1.4 Dodging
 - Level 16.1 Unarmed Combat
 - Level 1.0 Spellcasting
 - Level 2.1 Fire Magic


You had 12 spell levels left.
You didn't know any spells.
Your spell library contained the following spells:

 Spells                   Type           Power      Damage    Failure   Level
 Scorch                   Fire           8%         2d5       22%         2

Inventory:

Missiles
 d - 3 boomerangs (quivered)
Armour
 i - the +2 robe of Impermeability (worn) {rC+}
   (You found it on level 7 of the Dungeon)

   rC:        It protects you from cold.
Jewellery
 j - an amulet of guardian spirit (around neck)
 k - a +4 ring of evasion (left claw)
 n - a ring of protection from fire
 p - a ring of resist corrosion (right claw)
 Y - a ring of positive energy
Scrolls
 a - 2 scrolls of brand weapon
 g - 4 scrolls of identify
 m - 10 scrolls of teleportation
 q - 3 scrolls of enchant weapon
Potions
 b - 2 potions of heal wounds
 c - a potion of mutation
 e - a potion of might
 f - 2 potions of curing
 h - a potion of haste
 l - a potion of cancellation

Dungeon Overview and Level Annotations

Branches:
Dungeon (11/15)            Temple (0/1) D:7
   Lair: D:8-11         Orc: D:9-12

Altars:
Elyvilon
Xom
Yredelemnul

Shops:
D:6 ?

Portals:
Ice
Cave: D:11

Annotations:
D:6 2 runed translucent doors
D:7 2 runed translucent doors
D:11 2 transporters, Snorg; qw's ghost, journeyman TrCA


Message History

Snorg claws you!
Snorg is burned by your cloak of flames.
Snorg is heavily wounded.
The wyvern bites you but does no damage.
The wyvern is burned by your cloak of flames.
The wyvern is lightly wounded.
You mangle Snorg!!
Snorg is severely wounded.
Snorg barely misses you. Snorg claws you!
Snorg is burned by your cloak of flames.
Snorg is severely wounded.
Snorg claws you.
Snorg is burned by your cloak of flames.
Snorg is severely wounded.
The wyvern barely misses you.
You barely miss Snorg.
Snorg is severely wounded.
Snorg closely misses you. Snorg claws you!
Snorg is burned by your cloak of flames.
Snorg is severely wounded.
Snorg claws you!
Snorg is burned by your cloak of flames.
Snorg is almost dead.
The wyvern bites you.
The wyvern is burned by your cloak of flames.
The wyvern is lightly wounded.
8690 ||| READING 11 scrolls of teleportation.
As you read the scroll of teleportation, it crumbles to dust.
You feel strangely unstable. Snorg bites you but does no damage.
Snorg is burned by your cloak of flames.
Snorg is almost dead.
Snorg claws you!
Snorg is burned by your cloak of flames.
Snorg is almost dead.
Snorg closely misses you. The wyvern closely misses you. Snorg bites you.
Snorg is burned by your cloak of flames.
Snorg is almost dead.
Snorg claws you!
You die...

#..# #..####....
#..#####.?# #..##
#..##.....# #..# ..
#..##.....# #..#
P..####..##..\..## #..#
PP.......#.......# #..#
Y.....hl.........###..#
#Tl.............##
#@................
#..#####..####.... #..#
#..# #..## #..# #..#
#..# #..# #..# #..#
#..# #..####..##
..####..# #..........
........#####..........
..........[.)..######..


You could see Snorg (berserk), a basilisk, a black bear and a wyvern.

Vanquished Creatures
  2 two-headed ogres
  A deep elf pyromancer (D:7)
  2 komodo dragons
  A kobold demonologist (D:7)
  An unseen horror zombie (D:9)
  2 hornets
  2 trolls
  2 shadows (D:10)
  3 wraiths
  2 yaks (D:7)
  A wyvern (D:8)
  An acid dragon (D:7)
  2 water moccasins
  2 ice beasts
  5 orc warriors
  2 sky beasts
  2 black bears
  2 ogres
  5 centaurs
  3 phantoms (D:7)
  2 kobold brigands
  3 bullfrogs
  A necrophage (D:6)
  A scorpion (D:5)
  2 two-headed ogre simulacra (D:11)
  10 wights
  6 killer bees (D:9)
  A howler monkey (D:7)
  A centaur zombie (D:9)
  4 jellies
  3 hounds
  9 orc priests
  A gnoll bouda (D:9)
  An iguana (D:5)
  21 orc wizards
  Ijyb (D:3)
  3 spriggan simulacra (D:11)
  4 adders
  10 gnolls
  4 shadow imps (D:7)
  3 white imps
  An ufetubus (D:5)
  3 dart slugs
  38 orcs
  2 bats
  5 endoplasms
  A giant cockroach (D:4)
  9 goblins
  6 hobgoblins
  6 jackals
  A quokka (D:4)
  3 ball pythons
  3 frilled lizards (D:1)
  16 kobolds
  5 rats
233 creatures vanquished.

Vanquished Creatures (others)
  A quokka (D:6)
  6 plants
7 creatures vanquished.

Grand Total: 240 creatures vanquished

Notes
Turn   | Place    | Note
-------+----------+-------------------------------------------
     0 | D:1      | qw the Troll Cinder Acolyte began the quest for the Orb.
     0 | D:1      | Reached XP level 1. HP: 22/22 MP: 1/1
     0 | D:1      | 0 ||| qw: Version: 0.1-a-97-g2dd2ca4
     0 | D:1      | 0 ||| qw: Game counter: 4731
     0 | D:1      | 0 ||| qw: Always use a shield: true
     0 | D:1      | 0 ||| qw: God list: Okawaru
     0 | D:1      | 0 ||| qw: Allow faded altars: false
     0 | D:1      | 0 ||| qw: Do Orc after D:15 true
     0 | D:1      | 0 ||| qw: Do second Lair branch before Depths: true
     0 | D:1      | 0 ||| qw: Lair rune preference: random
     0 | D:1      | 0 ||| qw: Plans: Normal
     0 | D:1      | 0 ||| PLANNING D:1-11
    84 | D:1      | 84 ||| Stepping ~*~*~tactically~*~*~ (outnumbered).
    85 | D:1      | 85 ||| Stepping ~*~*~tactically~*~*~ (outnumbered).
    86 | D:1      | 86 ||| Stepping ~*~*~tactically~*~*~ (outnumbered).
   168 | D:1      | Reached XP level 2. HP: 29/29 MP: 2/2
   235 | D:1      | 235 ||| Stepping ~*~*~tactically~*~*~ (hiding).
   243 | D:1      | Reached skill level 4 in Unarmed Combat
   689 | D:1      | 689 ||| READING 4 scrolls labelled FAWNER UCOMEI.
   690 | D:1      | 690 ||| READING scroll labelled KIMUFE ARCHU.
   691 | D:1      | 691 ||| DRINKING 2 smoky black potions.
   692 | D:1      | 692 ||| DRINKING 4 viscous cyan potions.
   741 | D:1      | 741 ||| READING 3 scrolls of identify.
   741 | D:1      | 741 ||| IDENTIFYING amethyst potion
   742 | D:1      | 742 ||| READING 2 scrolls of identify.
   742 | D:1      | 742 ||| IDENTIFYING green potion
   743 | D:1      | 743 ||| DROPPING 3 potions of lignification.
   744 | D:1      | 744 ||| DROPPING potion of magic.
   745 | D:1      | 745 ||| DROPPING potion of berserk rage.
   793 | D:2      | Reached XP level 3. HP: 36/36 MP: 3/3
  1113 | D:2      | 1113 ||| Stepping ~*~*~tactically~*~*~ (stealth).
  1428 | D:2      | Identified the +0 scimitar "Heokh" {vorpal, rC+ Str+4}
  1491 | D:2      | 1491 ||| UPGRADING to ring of resist corrosion.
  1492 | D:2      | 1492 ||| READING scroll labelled HUADIDATRE.
  1493 | D:2      | 1493 ||| READING scroll labelled JUITIVI XAIS.
  1494 | D:2      | 1494 ||| READING scroll labelled QEOHUPT ZEORHA.
  1499 | D:2      | 1499 ||| DRINKING 2 bubbling cyan potions.
  1500 | D:2      | 1500 ||| DRINKING 2 coppery potions.
  1501 | D:2      | 1501 ||| DROPPING potion of flight.
  1560 | D:3      | 1560 ||| READING scroll of teleportation.
  1641 | D:3      | 1641 ||| Stepping ~*~*~tactically~*~*~ (stealth).
  1643 | D:3      | 1643 ||| INVOKING Fiery Armour.
  1645 | D:3      | 1645 ||| Stepping ~*~*~tactically~*~*~ (outnumbered).
  1649 | D:3      | 1649 ||| Stepping ~*~*~tactically~*~*~ (outnumbered).
  1652 | D:3      | Reached skill level 5 in Unarmed Combat
  1652 | D:3      | Reached XP level 4. HP: 44/44 MP: 4/4
  1695 | D:3      | Found a faded altar of an unknown god.
  1793 | D:3      | Noticed Ijyb
  1794 | D:3      | 1794 ||| Stepping ~*~*~tactically~*~*~ (hiding).
  1796 | D:3      | 1796 ||| Stepping ~*~*~tactically~*~*~ (hiding).
  1797 | D:3      | 1797 ||| Stepping ~*~*~tactically~*~*~ (hiding).
  1806 | D:3      | 1806 ||| INVOKING Fiery Armour.
  1807 | D:3      | Killed Ijyb
  1956 | D:3      | 1956 ||| READING scroll labelled LENUEZI HIPN.
  1957 | D:3      | 1957 ||| READING 2 scrolls of identify.
  1957 | D:3      | 1957 ||| IDENTIFYING clear potion
  1970 | D:4      | 1970 ||| STAIRDANCE
  1975 | D:4      | 1975 ||| STAIRDANCE
  1981 | D:3      | 1981 ||| INVOKING Fiery Armour.
  2241 | D:4      | Noticed a black bear
  2250 | D:4      | Killed a black bear
  2251 | D:4      | Reached skill level 6 in Unarmed Combat
  2251 | D:4      | Reached XP level 5. HP: 47/50 MP: 5/5
  2335 | D:4      | 2335 ||| Stepping ~*~*~tactically~*~*~ (stealth).
  2347 | D:4      | Reached XP level 6. HP: 47/59 MP: 6/6
  2579 | D:4      | 2579 ||| DROPPING ring of magical power.
  2580 | D:4      | 2580 ||| READING scroll labelled UPPIUPRUATU.
  2612 | D:5      | Entered Level 5 of the Dungeon
  2644 | D:5      | Reached skill level 7 in Unarmed Combat
  2654 | D:5      | Noticed a sky beast
  2658 | D:5      | Killed a sky beast
  2696 | D:5      | 2696 ||| Stepping ~*~*~tactically~*~*~ (stealth).
  2698 | D:5      | 2698 ||| Stepping ~*~*~tactically~*~*~ (stealth).
  2700 | D:5      | 2700 ||| INVOKING Fiery Armour.
  2786 | D:5      | 2786 ||| Stepping ~*~*~tactically~*~*~ (stealth).
  2795 | D:5      | Reached skill level 8 in Unarmed Combat
  2795 | D:5      | Reached XP level 7. HP: 66/66 MP: 7/7
  2879 | D:5      | 2879 ||| Stepping ~*~*~tactically~*~*~ (hiding).
  2885 | D:5      | 2885 ||| INVOKING Fiery Armour.
  2887 | D:5      | Reached skill level 3 in Fighting
  2992 | D:5      | 2992 ||| FLEEEEING.
  2993 | D:5      | 2993 ||| FLEEEEING.
  2994 | D:5      | 2994 ||| FLEEEEING.
  2995 | D:5      | 2995 ||| FLEEEEING.
  2996 | D:5      | 2996 ||| FLEEEEING.
  2997 | D:5      | 2997 ||| FLEEEEING.
  2998 | D:5      | 2998 ||| FLEEEEING.
  2999 | D:5      | 2999 ||| FLEEEEING.
  3000 | D:5      | 3000 ||| FLEEEEING.
  3001 | D:5      | 3001 ||| FLEEEEING.
  3002 | D:5      | 3002 ||| FLEEEEING.
  3003 | D:5      | 3003 ||| STAIRDANCE
  3105 | D:4      | 3105 ||| READING scroll labelled FEK IRORUEGH.
  3106 | D:4      | 3106 ||| DRINKING 2 cyan potions.
  3107 | D:4      | 3107 ||| READING 2 scrolls of identify.
  3107 | D:4      | 3107 ||| IDENTIFYING fizzy pink potion
  3108 | D:4      | 3108 ||| DROPPING potion of degeneration.
  3111 | D:5      | 3111 ||| Stepping ~*~*~tactically~*~*~ (outnumbered).
  3112 | D:5      | 3112 ||| Stepping ~*~*~tactically~*~*~ (outnumbered).
  3528 | D:5      | 3528 ||| READING scroll labelled CAQEOFA OTATSIFAFU.
  3528 | D:5      | Identified a scroll of acquirement
  3528 | D:5      | 3528 ||| ACQUIRING amulet of guardian spirit
  3528 | D:5      | Acquired an amulet of guardian spirit
  3530 | D:5      | 3530 ||| UPGRADING to amulet of guardian spirit.
  3535 | D:5      | 3535 ||| READING scroll labelled NOSTOA EF FACE.
  3583 | D:6      | Reached skill level 9 in Unarmed Combat
  3602 | D:6      | Reached skill level 1 in Throwing
  3603 | D:6      | 3603 ||| INVOKING Fiery Armour.
  3607 | D:6      | Reached skill level 1 in Dodging
  3607 | D:6      | Reached XP level 8. HP: 21/75 MP: 2/8
  3646 | D:6      | 3646 ||| FLEEEEING.
  3647 | D:6      | 3647 ||| FLEEEEING.
  3648 | D:6      | 3648 ||| FLEEEEING.
  3649 | D:6      | 3649 ||| FLEEEEING.
  3650 | D:6      | 3650 ||| FLEEEEING.
  3652 | D:6      | 3652 ||| FLEEEEING.
  3655 | D:6      | 3655 ||| STAIRDANCE
  3664 | D:6      | 3664 ||| STAIRDANCE
  3702 | D:6      | 3702 ||| FLEEEEING.
  3703 | D:6      | 3703 ||| FLEEEEING.
  3704 | D:6      | 3704 ||| FLEEEEING.
  3705 | D:6      | 3705 ||| FLEEEEING.
  3706 | D:6      | 3706 ||| FLEEEEING.
  3707 | D:6      | 3707 ||| Stepping ~*~*~tactically~*~*~ (hiding).
  3736 | D:6      | 3736 ||| Stepping ~*~*~tactically~*~*~ (stealth).
  3741 | D:6      | 3741 ||| Stepping ~*~*~tactically~*~*~ (stealth).
  3768 | D:6      | Found a white marble altar of Elyvilon.
  3771 | D:6      | Reached skill level 10 in Unarmed Combat
  3890 | D:6      | Found Gilidghuu's Magic Scroll Emporium.
  3898 | D:6      | 3898 ||| SHOPLISTING scroll of acquirement (520 gold, have
                  | 311).
  3898 | D:6      | 3898 ||| BUYING scroll of identify (20 gold).
  3898 | D:6      | Bought a scroll of identify for 20 gold pieces
  3898 | D:6      | 3898 ||| BUYING scroll of identify (20 gold).
  3898 | D:6      | Bought a scroll of identify for 20 gold pieces
  3898 | D:6      | 3898 ||| BUYING scroll of identify (20 gold).
  3898 | D:6      | Bought a scroll of identify for 20 gold pieces
  3898 | D:6      | 3898 ||| BUYING scroll of identify (20 gold).
  3898 | D:6      | Bought a scroll of identify for 20 gold pieces
  3898 | D:6      | 3898 ||| BUYING scroll of teleportation (30 gold).
  3898 | D:6      | Bought a scroll of teleportation for 30 gold pieces
  3924 | D:6      | 3924 ||| Stepping ~*~*~tactically~*~*~ (hiding).
  3935 | D:6      | 3935 ||| Stepping ~*~*~tactically~*~*~ (stealth).
  4000 | D:6      | Found a large runed translucent door.
  4000 | D:6      | Found a large runed translucent door.
  4166 | D:6      | Found a shimmering altar of Xom.
  4285 | D:6      | 4285 ||| UPGRADING to ring of positive energy.
  4286 | D:6      | 4286 ||| READING scroll labelled HOZUUR HUUPH.
  4287 | D:6      | 4287 ||| READING scroll labelled GEUB MIDD.
  4288 | D:6      | 4288 ||| READING scroll labelled ZEUGRYOLLO.
  4289 | D:6      | 4289 ||| READING 5 scrolls of identify.
  4289 | D:6      | 4289 ||| IDENTIFYING fuming yellow potion
  4290 | D:6      | 4290 ||| READING 4 scrolls of identify.
  4290 | D:6      | 4290 ||| IDENTIFYING ruby potion
  4291 | D:6      | 4291 ||| READING 3 scrolls of identify.
  4291 | D:6      | 4291 ||| IDENTIFYING grey potion
  4292 | D:6      | 4292 ||| DROPPING potion of ambrosia.
  4293 | D:6      | 4293 ||| DROPPING potion of brilliance.
  4365 | D:7      | 4365 ||| Stepping ~*~*~tactically~*~*~ (hiding).
  4366 | D:7      | 4366 ||| Stepping ~*~*~tactically~*~*~ (hiding).
  4368 | D:7      | 4368 ||| Stepping ~*~*~tactically~*~*~ (hiding).
  4556 | D:7      | Found a staircase to the Ecumenical Temple.
  4560 | D:7      | 4560 ||| Stepping ~*~*~tactically~*~*~ (hiding).
  4707 | D:7      | Identified the +2 falchion of the Tired Nightmares {pain,
                  | Drain rF+ Dex+4}
  4731 | D:7      | Noticed a hornet
  4735 | D:7      | Paralysed by a hornet for 1 turns
  4737 | D:7      | 4737 ||| INVOKING Fiery Armour.
  4738 | D:7      | Killed a hornet
  4739 | D:7      | Reached skill level 11 in Unarmed Combat
  4739 | D:7      | Reached XP level 9. HP: 35/84 MP: 4/9
  4745 | D:7      | 4745 ||| FLEEEEING.
  4760 | D:7      | 4760 ||| FLEEEEING.
  4761 | D:7      | 4761 ||| FLEEEEING.
  4769 | D:7      | 4769 ||| FLEEEEING.
  4770 | D:7      | 4770 ||| FLEEEEING.
  4771 | D:7      | 4771 ||| FLEEEEING.
  4772 | D:7      | 4772 ||| FLEEEEING.
  4773 | D:7      | 4773 ||| FLEEEEING.
  4774 | D:7      | 4774 ||| FLEEEEING.
  4775 | D:7      | 4775 ||| FLEEEEING.
  4779 | D:7      | 4779 ||| FLEEEEING.
  4780 | D:7      | 4780 ||| FLEEEEING.
  4781 | D:7      | 4781 ||| FLEEEEING.
  4782 | D:7      | 4782 ||| FLEEEEING.
  4783 | D:7      | 4783 ||| FLEEEEING.
  4784 | D:7      | 4784 ||| FLEEEEING.
  4785 | D:7      | 4785 ||| FLEEEEING.
  4786 | D:7      | 4786 ||| FLEEEEING.
  4788 | D:7      | 4788 ||| STAIRDANCE
  4823 | D:6      | 4823 ||| DROPPING ring of flight.
  4887 | D:7      | Identified the +2 robe of Impermeability {rC+}
  4897 | D:7      | Found a runed translucent door.
  4900 | D:7      | Found a runed translucent door.
  4900 | D:7      | Noticed a troll
  4914 | D:7      | 4914 ||| Stepping ~*~*~tactically~*~*~ (hiding).
  4941 | D:7      | Noticed a komodo dragon
  4941 | D:7      | Noticed a deep elf pyromancer
  4942 | D:7      | 4942 ||| Stepping ~*~*~tactically~*~*~ (hiding).
  4953 | D:7      | Killed a komodo dragon
  4954 | D:7      | Reached skill level 12 in Unarmed Combat
  4964 | D:7      | 4964 ||| Stepping ~*~*~tactically~*~*~ (hiding).
  4964 | D:7      | Noticed a kobold demonologist
  4970 | D:7      | Killed a kobold demonologist
  4971 | D:7      | Killed a deep elf pyromancer
  5001 | D:7      | Noticed a troll
  5006 | D:7      | 5006 ||| INVOKING Fiery Armour.
  5006 | D:7      | HP: 17/88 [troll (10)]
  5006 | D:7      | Killed a troll
  5007 | D:7      | Reached skill level 13 in Unarmed Combat
  5007 | D:7      | Reached XP level 10. HP: 18/97 MP: 2/10
  5087 | D:7      | Identified the +9 quarterstaff of Odikau {flame, rN++}
  5280 | D:7      | 5280 ||| FLEEEEING.
  5456 | D:7      | 5456 ||| UPGRADING to +2 robe of Impermeability {rC+}.
  5466 | D:7      | 5466 ||| DROPPING +0 robe.
  5467 | D:7      | 5467 ||| READING scroll labelled PATOLL POAXYCW.
  5468 | D:7      | 5468 ||| READING 7 scrolls of teleportation.
  5490 | D:8      | 5490 ||| Stepping ~*~*~tactically~*~*~ (stealth).
  5495 | D:8      | 5495 ||| Stepping ~*~*~tactically~*~*~ (hiding).
  5506 | D:8      | 5506 ||| Stepping ~*~*~tactically~*~*~ (stealth).
  5516 | D:8      | 5516 ||| STAIRDANCE
  5525 | D:8      | 5525 ||| STAIRDANCE
  5611 | D:8      | 5611 ||| Stepping ~*~*~tactically~*~*~ (hiding).
  5618 | D:8      | 5618 ||| Stepping ~*~*~tactically~*~*~ (stealth).
  5621 | D:8      | 5621 ||| Stepping ~*~*~tactically~*~*~ (stealth).
  5623 | D:8      | 5623 ||| Stepping ~*~*~tactically~*~*~ (stealth).
  5625 | D:8      | 5625 ||| Stepping ~*~*~tactically~*~*~ (hiding).
  5783 | D:8      | 5783 ||| Stepping ~*~*~tactically~*~*~ (outnumbered).
  5787 | D:8      | 5787 ||| DRINKING 2 potions of curing.
  5787 | D:8      | 5787 ||| (to cure confusion)
  5835 | D:8      | 5835 ||| Stepping ~*~*~tactically~*~*~ (stealth).
  5836 | D:8      | 5836 ||| Stepping ~*~*~tactically~*~*~ (stealth).
  5840 | D:8      | 5840 ||| Stepping ~*~*~tactically~*~*~ (stealth).
  5894 | D:8      | 5894 ||| Stepping ~*~*~tactically~*~*~ (stealth).
  5898 | D:8      | 5898 ||| Stepping ~*~*~tactically~*~*~ (stealth).
  5904 | D:8      | 5904 ||| Stepping ~*~*~tactically~*~*~ (stealth).
  6317 | D:8      | Reached skill level 14 in Unarmed Combat
  6376 | D:8      | 6376 ||| UPGRADING to +4 ring of evasion.
  6378 | D:8      | 6378 ||| UPGRADING to ring of resist corrosion.
  6380 | D:8      | 6380 ||| READING 3 scrolls of identify.
  6380 | D:8      | 6380 ||| IDENTIFYING lumpy yellow potion
  6381 | D:8      | 6381 ||| DROPPING potion of attraction.
  6421 | D:9      | 6421 ||| Stepping ~*~*~tactically~*~*~ (outnumbered).
  6522 | D:9      | 6522 ||| Stepping ~*~*~tactically~*~*~ (outnumbered).
  6523 | D:9      | 6523 ||| Stepping ~*~*~tactically~*~*~ (hiding).
  6529 | D:9      | Reached skill level 6 in Fighting
  6529 | D:9      | 6529 ||| Stepping ~*~*~tactically~*~*~ (outnumbered).
  6538 | D:9      | 6538 ||| INVOKING Fiery Armour.
  6710 | D:9      | 6710 ||| Stepping ~*~*~tactically~*~*~ (stealth).
  6715 | D:9      | 6715 ||| Stepping ~*~*~tactically~*~*~ (stealth).
  6717 | D:9      | 6717 ||| Stepping ~*~*~tactically~*~*~ (stealth).
  6724 | D:9      | 6724 ||| Stepping ~*~*~tactically~*~*~ (outnumbered).
  6729 | D:9      | 6729 ||| Stepping ~*~*~tactically~*~*~ (outnumbered).
  6797 | D:9      | HP: 24/98 [poisoned by an orc wizard]
  6802 | D:9      | HP: 24/98 [poisoned by an orc wizard]
  6922 | D:9      | Found a basalt altar of Yredelemnul.
  7080 | D:9      | Noticed a two-headed ogre
  7089 | D:9      | Killed a two-headed ogre
  7199 | D:9      | 7199 ||| Stepping ~*~*~tactically~*~*~ (stealth).
  7204 | D:9      | Reached skill level 15 in Unarmed Combat
  7289 | D:9      | Paralysed by a hornet for 3 turns
  7295 | D:9      | 7295 ||| INVOKING Fiery Armour.
  7296 | D:9      | HP: 21/98 [hornet (10)]
  7297 | D:9      | 7297 ||| READING 11 scrolls of teleportation.
  7297 | D:9      | HP: 3/98 [hornet (10)]
  7298 | D:9      | 7298 ||| DRINKING 2 potions of curing.
  7298 | D:9      | 7298 ||| (to cure poison)
  7498 | D:9      | 7498 ||| DRINKING 2 viscous green potions.
  7524 | D:10     | Entered Level 10 of the Dungeon
  7641 | D:10     | 7641 ||| Stepping ~*~*~tactically~*~*~ (outnumbered).
  7647 | D:10     | 7647 ||| INVOKING Fiery Armour.
  7657 | D:10     | Reached XP level 11. HP: 40/95 MP: 5/11
  7763 | D:10     | 7763 ||| Stepping ~*~*~tactically~*~*~ (stealth).
  7764 | D:10     | 7764 ||| Stepping ~*~*~tactically~*~*~ (stealth).
  7947 | D:10     | 7947 ||| Stepping ~*~*~tactically~*~*~ (hiding).
  7951 | D:10     | 7951 ||| Stepping ~*~*~tactically~*~*~ (outnumbered).
  8060 | D:10     | 8060 ||| Stepping ~*~*~tactically~*~*~ (outnumbered).
  8062 | D:10     | 8062 ||| Stepping ~*~*~tactically~*~*~ (outnumbered).
  8403 | D:11     | Noticed a two-headed ogre
  8466 | D:11     | Noticed a green ugly thing
  8467 | D:11     | Noticed a white ugly thing
  8472 | D:11     | Noticed qw's ghost (journeyman TrCA)
  8514 | D:11     | Found a transporter.
  8517 | D:11     | Found a transporter.
  8560 | D:11     | Found a frozen archway.
  8567 | D:11     | 8567 ||| Stepping ~*~*~tactically~*~*~ (outnumbered).
  8569 | D:11     | 8569 ||| Stepping ~*~*~tactically~*~*~ (outnumbered).
  8570 | D:11     | 8570 ||| Stepping ~*~*~tactically~*~*~ (outnumbered).
  8572 | D:11     | 8572 ||| Stepping ~*~*~tactically~*~*~ (outnumbered).
  8652 | D:11     | Noticed a two-headed ogre
  8658 | D:11     | Killed a two-headed ogre
  8659 | D:11     | Reached skill level 16 in Unarmed Combat
  8674 | D:11     | Noticed Snorg
  8675 | D:11     | 8675 ||| Stepping ~*~*~tactically~*~*~ (stealth).
  8677 | D:11     | 8677 ||| INVOKING Fiery Armour.
  8678 | D:11     | 8678 ||| Stepping ~*~*~tactically~*~*~ (stealth).
  8689 | D:11     | HP: 26/105 [wyvern (4)]
  8690 | D:11     | 8690 ||| READING 11 scrolls of teleportation.
  8690 | D:11     | HP: 10/105 [Snorg (3)]
  8690 | D:11     | Mangled by Snorg

Levels and vault maps discovered:
D:1:      dpeg_arrival_shrine, layout_basic
D:2:      layout_loops_ring, moated_statue, serial_bayou_pond_d,
          dk_noncrumbling_3, minmay_misc_feat_nine_boxes, serial_bayou_pond_c
D:3:      layout_rooms, dreamdust_ecumenical_altar_grove, serial_glass,
          glass_columns_c, glass_columns_a, glass_columns_b, glass_columns_a,
          glass_columns_a, glass_columns_c, glass_columns_c, glass_columns_a,
          glass_columns_b, glass_columns_a, glass_columns_a, glass_columns_a,
          glass_columns_a, glass_columns_b, uniq_ijyb
D:4:      layout_loops_ring
D:5:      layout_basic
D:6:      layout_cave_pools, elyvilon_altar_4, jmf_multi_god_temple2,
          amcnicky_altar_gilded, serial_shops, shop, serial_column_ruins,
          column_ruins_open_tiny, column_ruins_columns_corner,
          column_ruins_corridor_straight, column_ruins_columns_straight,
          column_ruins_corridor_corner
D:7:      minmay_the_grid_triangle_9x9_rhombus_thin
          [minmay_the_grid_triangle_9x9_wacky_v,
          minmay_the_grid_triangle_9x9_prize_center,
          minmay_the_grid_triangle_9x9_sparse_checkered,
          minmay_the_grid_triangle_9x9_tough_junction], layout_gridville,
          minmay_temple_entry_statues_pillars, hellmonk_bongcloud_opening
D:8:      layout_basic, grunt_ogre_cave
D:9:      layout_long_grid, lemuel_zombie_altar_yredelemnul
D:10:     layout_roguey
D:11:     layout_small_grid, david_lair_generic, nzn_ghost_randoct,
          portal_ice_cave_entry_ice_simulacra, hangedman_decor_diamond_cutter,
          uniq_snorg

Skill      XL: |  1  2  3  4  5  6  7  8  9 10 11 |
---------------+----------------------------------+-----
Unarmed Combat | 4 5 6 8 9 11 13 15 16 | 16.1
Fighting       | 3 4 5 6 |  6.0
Throwing       | 1 2 |  2.0
Dodging        | 1 |  1.4
Spellcasting   | |  1.0
Fire Magic     | |  2.1

Action                   |  1- 3 |  4- 6 |  7- 9 | 10-12 || total
-------------------------+-------+-------+-------+-------++-------
Melee: Unarmed           |   114 |    84 |   158 |   286 ||   642
       Punch             |     3 |       |     2 |    13 ||    18
Throw: Boomerang         |       |       |    32 |    42 ||    74
Invok: Fiery Armour      |     1 |     3 |     4 |     4 ||    12
  Use: Scroll            |     8 |     3 |    10 |     5 ||    26
       Potion            |     4 |       |     1 |     3 ||     8
Armor: Robe              |    32 |    12 |    42 |    65 ||   151
Dodge: Dodged            |    47 |    27 |    74 |   131 ||   279

Table legend:
 A = Non-vault XP
 B = Vault XP
 C = Vault XP percentage of total XP
 D = Non-vault monster count
 E = Vault monster count
 F = Vault count percentage of total count
                 A         B        C        D         E       F
            +---------+---------+-------+---------+---------+-------
      Total |   10002 |    3646 |  26.7 |     209 |      24 |  10.3
            +---------+---------+-------+---------+---------+-------
        D:1 |      36 |       0 |   0.0 |      20 |       0 |   0.0
        D:2 |      32 |       0 |   0.0 |      11 |       0 |   0.0
        D:3 |      71 |      32 |  31.1 |      12 |       1 |   7.7
        D:4 |     245 |       0 |   0.0 |      16 |       0 |   0.0
        D:5 |     987 |       0 |   0.0 |      20 |       0 |   0.0
        D:6 |     963 |       0 |   0.0 |      27 |       0 |   0.0
        D:7 |     897 |    2838 |  76.0 |      15 |      15 |  50.0
        D:8 |    1108 |     118 |   9.6 |      25 |       1 |   3.8
        D:9 |    2502 |     397 |  13.7 |      34 |       2 |   5.6
       D:10 |    1559 |       0 |   0.0 |      23 |       0 |   0.0
       D:11 |    1602 |     261 |  14.0 |       6 |       5 |  45.5
            +---------+---------+-------+---------+---------+-------
